 Dungeon Crawl Stone Soup version 0.32-a0-913-g739538a (webtiles) character file.

Game seed: 11039386362707056135

83638 ddoljuk the Warrior (level 15, -8/150 HPs)
             Began as a Minotaur Berserker on Apr 9, 2024.
             Was the Champion of Trog.
             Succumbed to naga's concentrated venom
             ... on level 2 of the Snake Pit.
             The game lasted 00:35:55 (17441 turns).

ddoljuk the Warrior (Minotaur Berserker)           Turns: 17441, Time: 00:35:56

Health: -8/150     AC: 29    Str: 35    XL:     15   Next: 32%
Magic:  14/14      EV:  8    Int:  7    God:    Trog [******]
Gold:   1900       SH: 13    Dex: 15    Spells: 14/14 levels left

rFire   + . .        i - +8 whip of Triumph {flame, *Noise rC+ rN+ Str+7 Dex+4}
rCold   + + .        l - +0 kite shield
rNeg    + . .        o - +0 plate armour
rPois   +            T - +2 hat {Int+3}
rElec   .            R - +0 cloak "Gusiychu" {rF+ rC+ Regen+}
rCorr   .            F - +1 pair of gloves
SInv    +            g - +0 pair of boots of the Land of Plenty {rPois SInv}
Will    +....        t - amulet of regeneration Stlth
                     (no ring)
HPRegen 2.05/turn    n - +4 ring of protection
MPRegen 0.14/turn

%: no passive effects
@: lethally poisoned (-8 -> -92), slowed, very slow
A: horns 2, retaliatory headbutt
a: Renounce Religion, Berserk, Trog's Hand, Brothers in Arms


You were on level 2 of the Snake Pit.
You worshipped Trog.
Trog was exalted by your worship.
You visited 3 branches of the dungeon, and saw 19 of its levels.
You also visited: Bailey.

You collected 1900 gold pieces.

Inventory:

Hand Weapons
 b - a +5 spectral great mace
 e - a +5 demon whip
 i - the +8 whip of Triumph (weapon) {flame, *Noise rC+ rN+ Str+7 Dex+4}
   (You found it on level 2 of the Dungeon)

   Str+7:     It affects your strength (+7).
   Dex+4:     It affects your dexterity (+4).
   rC+:       It protects you from cold.
   rN+:       It protects you from negative energy.
   *Noise:    It may make a loud noise when swung.
Missiles
 A - 2 throwing nets (quivered) {!f}
Armour
 g - the +0 pair of boots of the Land of Plenty (worn) {rPois SInv}
   (You found it on level 5 of the Lair of Beasts)

   rPois:     It protects you from poison.
   SInv:      It lets you see invisible.
 l - a +0 kite shield (worn)
 o - a +0 plate armour (worn)
 F - a +1 pair of gloves (worn)
 R - the +0 cloak "Gusiychu" (worn) {rF+ rC+ Regen+}
   (You found it in a bailey)

   rF+:       It protects you from fire.
   rC+:       It protects you from cold.
   Regen+:    It increases your rate of health regeneration.
 T - a +2 hat of intelligence (worn)
Jewellery
 n - a +4 ring of protection (right hand)
 t - an amulet of regeneration (around neck)
 V - a ring of positive energy
 Y - a ring of ice
Wands
 a - a wand of warping (9)
 j - a wand of light (13)
 q - a wand of paralysis (15)
 D - a wand of polymorph (10)
 L - a wand of flame (50)
Scrolls
 c - 2 scrolls of silence {unknown}
 f - 7 scrolls of vulnerability
 m - 2 scrolls of noise
 v - 6 scrolls of teleportation {!r}
 y - 2 scrolls of fear {!r}
 z - 4 scrolls of poison
 B - 4 scrolls of amnesia
 K - a scroll of revelation {!r}
 Q - a scroll of torment
 U - 2 scrolls of immolation
 X - 2 scrolls of fog {!r}
Potions
 d - 2 potions of invisibility {unknown}
 h - 5 potions of heal wounds {!q}
 p - 2 potions of berserk rage {unknown}
 r - 7 potions of curing {unknown}
 s - a potion of experience {unknown}
 C - 5 potions of mutation
 E - 6 potions of might {unknown}
 G - 2 potions of degeneration {unknown}
 H - 5 potions of enlightenment {unknown}
 I - 2 potions of attraction {unknown}
 J - 2 potions of lignification {unknown}
 M - a potion of brilliance {unknown}
 N - a potion of magic {unknown}
 P - 5 potions of haste {unknown}
 W - a potion of ambrosia {unknown}
 Z - a potion of cancellation {unknown}
Miscellaneous
 u - a lightning rod (4/4)
 O - a phial of floods


   Skills:
 * Level 18.3 Fighting
 - Level 14.0 Maces & Flails
 + Level 16.4 Armour
 - Level 2.1 Dodging
 - Level 1.0 Stealth
 + Level 16.0 Shields
 + Level 5.8 Evocations


You had 14 spell levels left.
You didn't know any spells.
Your spell library was empty.

Dungeon Overview and Level Annotations

Branches:
Dungeon (12/15)            Temple (0/1) D:5            Lair (5/5) D:9
  Swamp (0/4) Lair:3        Snake (2/4) Lair:3        Slime (0/5) Lair:4
    Orc (0/2) D:10         Bailey (visited)

Altars:
Cheibriados
Dithmenos
Makhleb
Nemelex Xobeh
Okawaru
Qazlal
Trog
Uskayaw
Xom
Yredelemnul
The Shining One
Jiyva

Shops:
D:4 (   D:10 [*

Portals:
Hell: Lair:5

Annotations:
D:12 2 transporters, ddoljuk's ghost, journeyman TrBe


Innate Abilities, Weirdness & Mutations

You have a pair of horns on your head.
You reflexively headbutt those who attack you in melee.


Message History

You resist.
The naga warrior hits you from afar with a +0 halberd.
There is a stone staircase leading up here.
Unknown command.
Unknown command.
You feel extremely sick. The naga mage spits poison at you.
The splash of poison hits you but does no damage.
You are more poisoned.
You resist. You block the salamander's attack.
The naga mage spits poison at you. The splash of poison hits you.
You are lethally poisoned!
You have difficulty breathing.
* * * LOW HITPOINT WARNING * * *
You feel as though you will be slow longer.
* * * LOW HITPOINT WARNING * * *
The naga mage hits you but does no damage.
The naga mage grabs you.
You stop ascending the stairs.
The naga mage constricts you.
* * * LOW HITPOINT WARNING * * *
The naga warrior hits you from afar with a +0 halberd.
* * * LOW HITPOINT WARNING * * *
The naga spits poison at you.
The splash of poison hits you but does no damage.
You are more poisoned.
You have difficulty breathing.
* * * LOW HITPOINT WARNING * * *
You feel as though you will be slow longer.
The salamander hits you but does no damage.
The naga mage spits poison at you.
The splash of poison hits you but does no damage.
You resist.
The naga mage hits you but does no damage.
The naga mage constricts you.
Unknown command.
Unknown command.
Unknown command.
You escape the naga mage's grasp.
You die...

# .. ## # #.
.##.##. ...
.....# ..#....##
#......## .
#.......## ..
##..N.....#.#
#......N....#..
.......NN@.....#
##.....N...N...#
##....N.N......#
...............#
####.............
##.#..........
#.###........ #
####.....


You could see a naga warrior (curare), 2 salamanders, 4 naga magi and a naga
(curare, catching breath).

Vanquished Creatures
  Gastronok (D:8)
  An eleionoma (Lair:2)
  Nessos (Lair:3)
  A dire elephant (Lair:5)
  Fannar (Lair:1)
  A salamander tyrant (Snake:1)
  4 hydras
  A centaur warrior (D:12)
  5 anacondas (Snake:1)
  A boulder beetle (Lair:2)
  A catoblepas (Lair:2)
  3 two-headed ogres
  An occultist (Lair:5)
  2 naga sharpshooters (Snake:1)
  4 shock serpents
  3 naga warriors (Snake:1)
  Urug (Lair:1)
  3 skysharks (Lair:2)
  3 skeletal warriors (D:11)
  A sixfirhy (Lair:5)
  9 mana vipers
  5 naga ritualists (Snake:1)
  An ugly thing (D:11)
  2 salamanders (Snake:1)
  The ghost of NahIdwin the Insei, a novice OpSh of Gozag (D:7)
  4 guardian serpents (Snake:1)
  Maurice (D:7)
  9 elephants
  5 naga magi (Snake:1)
  25 black mambas
  A torpor snail (Lair:2)
  15 cane toads
  A gargoyle (Bailey)
  2 orange demons (Lair:5)
  2 rime drakes
  8 komodo dragons
  3 ice devils (Lair:5)
  3 trolls
  A red devil (Lair:5)
  6 hornets (Lair:2)
  A hellwing (Lair:5)
  3 polar bears
  Prince Ribbit (D:5)
  3 blink frogs (Lair:2)
  A dream sheep (Lair:5)
  3 slime creatures (D:12)
  2 wraiths
  2 vampires
  8 wyverns
  10 basilisks
  A fire elemental (Lair:5)
  A steam dragon (Lair:2)
  60 yaks
  4 vampire mosquitoes (D:11)
  10 nagas
  3 acid dragons
  4 hell hounds (Lair:5)
  Duvessa (D:4)
  27 water moccasins
  3 orc warriors
  3 sky beasts
  2 black bears
  2 ice beasts
  5 ogres
  10 centaurs
  A phantom (D:5)
  20 wolves
  15 bullfrogs
  2 kobold brigands
  3 gnoll sergeants
  A scorpion (D:6)
  A water moccasin zombie (D:3)
  12 wights
  Dowan (D:4)
  3 killer bees (D:10)
  7 vampire bats (Bailey)
  The ghost of NahIdwin the Ruffian, a weakling DrSh (D:3)
  4 wolf zombies (Bailey)
  A howler monkey (D:11)
  2 bombardier beetles
  A lava snake (Lair:5)
  3 hounds
  4 orc priests
  2 jellies
  A bullfrog skeleton (D:3)
  A gnoll bouda (D:9)
  2 sleepcaps (D:6)
  Natasha (D:2)
  5 orc wizards
  A killer bee zombie (D:3)
  5 adders
  20 gnolls
  A shadow imp (D:7)
  2 white imps
  2 ufetubi (D:5)
  2 dart slugs (D:1)
  2 ribbon worms (D:2)
  21 orcs
  7 bats
  5 endoplasms
  2 giant cockroaches
  8 goblins
  2 hobgoblins (D:1)
  8 jackals
  2 quokkas
  4 ball pythons
  3 frilled lizards
  19 kobolds
  22 orc zombies (Bailey)
  8 rats
553 creatures vanquished.

Vanquished Creatures (collateral kills)
  A mana viper (Snake:1)
1 creature vanquished.

Vanquished Creatures (others)
  An arcanist (D:8)
1 creature vanquished.

Grand Total: 555 creatures vanquished

Notes
Turn   | Place    | Note
-------+----------+-------------------------------------------
     0 | D:1      | ddoljuk the Minotaur Berserker began the quest for the Orb.
     0 | D:1      | Reached XP level 1. HP: 19/19 MP: 0/0
   166 | D:1      | Reached XP level 2. HP: 27/27 MP: 1/1
   238 | D:1      | Reached skill level 4 in Fighting
   932 | D:2      | Reached ** piety under Trog
   935 | D:2      | Reached XP level 3. HP: 33/33 MP: 2/2
  1024 | D:2      | Identified the +8 whip of Triumph {flame, *Noise rC+ rN+
                  | Str+7 Dex+4}
  1047 | D:2      | Found a basalt altar of Yredelemnul.
  1160 | D:2      | Reached skill level 1 in Stealth
  1441 | D:2      | Noticed Natasha
  1447 | D:2      | Killed Natasha
  1448 | D:2      | Reached XP level 4. HP: 34/41 MP: 3/3
  1739 | D:3      | Reached skill level 1 in Shields
  1817 | D:3      | Found a transporter.
  1843 | D:3      | Found a transporter.
  1846 | D:3      | Noticed NahIdwin's ghost (weakling DrSh)
  2056 | D:3      | Found a shadowy altar of Dithmenos.
  2598 | D:4      | Reached XP level 5. HP: 47/47 MP: 4/4
  2831 | D:4      | Noticed an ogre
  2836 | D:4      | Killed an ogre
  2837 | D:4      | Reached skill level 5 in Fighting
  2837 | D:4      | Reached skill level 5 in Maces & Flails
  2869 | D:4      | Found a burning altar of Makhleb.
  3077 | D:4      | Noticed Duvessa
  3077 | D:4      | Noticed Dowan
  3092 | D:4      | Killed Duvessa
  3093 | D:4      | Reached XP level 6. HP: 50/56 MP: 5/5
  3100 | D:4      | Killed Dowan
  3184 | D:4      | Found a glowing golden altar of the Shining One.
  3241 | D:4      | Found Tiv Egow's Antique Weapon Shop.
  3368 | D:5      | Entered Level 5 of the Dungeon
  3385 | D:5      | Noticed an ice beast
  3392 | D:5      | Killed an ice beast
  3399 | D:5      | Noticed a sky beast
  3404 | D:5      | Reached XP level 7. HP: 62/62 MP: 6/6
  3418 | D:5      | Reached *** piety under Trog
  3460 | D:5      | Found a stormy altar of Qazlal.
  3477 | D:5      | Found a staircase to the Ecumenical Temple.
  3480 | D:5      | Noticed Prince Ribbit
  3488 | D:5      | Killed Prince Ribbit
  3489 | D:5      | Reached skill level 6 in Fighting
  3489 | D:5      | Reached skill level 5 in Armour
  3751 | D:5      | Found a sparkling altar of Nemelex Xobeh.
  3800 | D:5      | You fall into a shaft and drop 1 floor!
  3810 | D:5      | Reached XP level 8. HP: 71/71 MP: 7/7
  4784 | D:6      | Reached skill level 5 in Shields
  4791 | D:6      | Reached skill level 7 in Fighting
  4823 | D:6      | Found a basalt altar of Yredelemnul.
  5348 | D:7      | Reached XP level 9. HP: 79/79 MP: 8/8
  5428 | D:7      | Noticed Maurice
  5435 | D:7      | Killed Maurice
  5452 | D:7      | Reached skill level 10 in Maces & Flails
  5515 | D:7      | Found a transporter.
  5516 | D:7      | Noticed NahIdwin's ghost (novice OpSh)
  5702 | D:7      | Reached skill level 8 in Fighting
  5795 | D:7      | Reached **** piety under Trog
  5979 | D:7      | Found a transporter.
  6082 | D:8      | Found a flagged portal.
  6085 | D:8      | Noticed Gastronok
  6095 | Bailey   | Entered a bailey
  6210 | Bailey   | Noticed a gargoyle
  6219 | Bailey   | Killed a gargoyle
  6323 | Bailey   | Identified the +0 cloak "Gusiychu" {rF+ rC+ Regen+}
  6597 | D:8      | Killed Gastronok
  6598 | D:8      | Reached skill level 9 in Fighting
  6598 | D:8      | Reached XP level 10. HP: 83/91 MP: 9/9
  6641 | D:8      | Reached ***** piety under Trog
  6686 | D:8      | Found a bloodstained altar of Trog.
  6688 | D:8      | Noticed a wizard
  6693 | D:8      | Killed a wizard
  6867 | D:8      | Found an iron altar of Okawaru.
  7018 | D:9      | Found a snail-covered altar of Cheibriados.
  7067 | D:9      | Received a gift from Trog
  7129 | D:9      | Reached skill level 10 in Fighting
  7334 | D:9      | Found a staircase to the Lair.
  7510 | D:10     | Entered Level 10 of the Dungeon
  7607 | D:10     | Reached skill level 10 in Armour
  7607 | D:10     | Reached XP level 11. HP: 101/101 MP: 10/10
  7621 | D:10     | Noticed a two-headed ogre
  7628 | D:10     | Killed a two-headed ogre
  7758 | D:10     | Found Huvunini's Fire Supplies.
  7819 | D:10     | Reached skill level 11 in Fighting
  7819 | D:10     | Reached skill level 10 in Shields
  7876 | D:10     | Found a staircase to the Orcish Mines.
  7922 | D:10     | Found Umpoceti's Armour Shoppe.
  7958 | D:10     | Noticed a two-headed ogre
  7963 | D:10     | Killed a two-headed ogre
  8053 | D:10     | Found a hide-covered altar of Uskayaw.
  8148 | D:10     | Found a shimmering altar of Xom.
  8398 | D:11     | Noticed a skeletal warrior
  8402 | D:11     | Noticed a skeletal warrior
  8409 | D:11     | Noticed a purple ugly thing
  8418 | D:11     | Killed a skeletal warrior
  8419 | D:11     | Reached skill level 12 in Fighting
  8426 | D:11     | Killed a skeletal warrior
  8426 | D:11     | Noticed a skeletal warrior
  8432 | D:11     | Killed a purple ugly thing
  8442 | D:11     | Killed a skeletal warrior
  8662 | D:11     | Reached XP level 12. HP: 109/113 MP: 11/11
  9172 | D:12     | Found a transporter.
  9172 | D:12     | Noticed ddoljuk's ghost (journeyman TrBe)
  9172 | D:12     | Noticed a centaur warrior
  9172 | D:12     | Noticed a centaur warrior
  9172 | D:12     | Noticed a fire giant
  9172 | D:12     | Noticed a boulder beetle
  9173 | D:12     | Noticed a boulder beetle
  9236 | D:12     | Found a transporter.
  9260 | D:12     | Noticed a centaur warrior
  9271 | D:12     | Killed a centaur warrior
  9618 | D:12     | Noticed a two-headed ogre
  9628 | D:12     | Killed a two-headed ogre
  9629 | D:12     | Reached skill level 13 in Fighting
  9752 | D:3      | Killed NahIdwin's ghost
  9992 | D:7      | Killed NahIdwin's ghost
 10134 | Lair:1   | Entered Level 1 of the Lair of Beasts
 10199 | Lair:1   | You fall into a shaft and drop 1 floor!
 10279 | Lair:1   | Noticed Fannar
 10290 | Lair:1   | Killed Fannar
 10409 | Lair:1   | Identified the +5 flail of the Assorted Friars {flame,
                  | *Corrode rPois SInv Stlth+} (Trog gifted it to you on level
                  | 1 of the Lair of Beasts)
 10409 | Lair:1   | Received a gift from Trog
 10455 | Lair:1   | Noticed Urug
 10469 | Lair:1   | Killed Urug
 10926 | Lair:2   | Reached skill level 14 in Fighting
 10964 | Lair:2   | Noticed a boulder beetle
 10991 | Lair:2   | Killed a boulder beetle
 11126 | Lair:2   | Noticed a catoblepas
 11150 | Lair:2   | Killed a catoblepas
 11236 | Lair:2   | Reached XP level 13. HP: 125/125 MP: 12/12
 11243 | Lair:2   | Paralysed by a hornet for 2 turns
 11821 | Lair:2   | Reached skill level 15 in Fighting
 11980 | Lair:3   | Noticed Nessos
 11997 | Lair:3   | Found a staircase to the Swamp.
 11997 | Lair:3   | Noticed an eleionoma
 12029 | Lair:2   | Killed an eleionoma
 12047 | Lair:3   | Reached skill level 1 in Evocations
 12191 | Lair:3   | Killed Nessos
 12240 | Lair:3   | Found a staircase to the Snake Pit.
 12990 | Lair:3   | Reached skill level 15 in Armour
 13009 | Lair:3   | Received a gift from Trog
 13090 | Lair:4   | Reached skill level 16 in Fighting
 13188 | Lair:4   | Found a staircase to the Slime Pits.
 13188 | Lair:4   | Found a viscous altar of Jiyva.
 13631 | Lair:4   | Reached XP level 14. HP: 137/137 MP: 13/13
 13974 | Lair:5   | Entered Level 5 of the Lair of Beasts
 14321 | Lair:5   | Reached skill level 15 in Shields
 14520 | Lair:5   | Received a gift from Trog
 14527 | Lair:5   | Reached ****** piety under Trog
 14563 | Lair:5   | Found a burning altar of Makhleb.
 14721 | Lair:5   | Found a gateway to Hell.
 14902 | Lair:5   | Identified the +0 pair of boots of the Land of Plenty
                  | {rPois SInv}
 15404 | Snake:1  | Entered Level 1 of the Snake Pit
 15420 | Snake:1  | Reached skill level 17 in Fighting
 15908 | Lair:3   | Reached skill level 5 in Evocations
 16114 | Snake:1  | Reached XP level 15. HP: 142/149 MP: 14/14
 16346 | Snake:1  | Reached skill level 18 in Fighting
 16541 | Snake:1  | Received a gift from Trog
 17441 | Snake:2  | Succumbed to naga's concentrated venom

Illustrated notes

Levels and vault maps discovered:
D:1:      giann_bridges, layout_loops_cross, grunt_decor_clamped,
          corner_web_ring, chequers_mini_garden, minmay_gold_behind_fungi,
          minmay_hedge_maze
D:2:      layout_basic, basic_altar, minmay_heptomino_l4, uniq_natasha
D:3:      layout_basic, general_overflow_altar, gammafunk_ghost_mausoleum
D:4:      layout_loops_ring, lemuel_coloured_pillars_altar,
          mainiacjoe_overflow_six_doors_small, serial_shops,
          nicolae_take_the_stairs, nicolae_zig_zag_zippers, uniq_duvessa
D:5:      wad_pebble_path, layout_layer_cave, nemelex_xobeh_ov_fountains_minmay,
          nicolae_qazlal_beasts_of_the_sky, minmay_temple_entry_purple_smoke,
          uniq_prince_ribbit1
D:6:      layout_cave_pools, mainiacjoe_overflow_catwalk
D:7:      layout_loops_ring, gammafunk_ghost_smash, grunt_decor_cap,
          uniq_maurice
D:8:      layout_rooms, trog_wizard, okawaru_ov_weapons_minmay, enter_bailey_6,
          uniq_gastronok
D:9:      layout_rooms, kennysheep_little_box, lair_entry_dummy
D:10:     layout_gridville, mainiacjoe_overflow_small_starburst,
          nicolae_uskayaw_dance_studio, orc_0_dummy, serial_shops,
          nicolae_shop_tiny_glass, nicolae_shop_fire_sale
          [nicolae_sub_dead_trees]
D:11:     nicolae_cairo_tiling, layout_basic, chequers_serial_rivers_small_3,
          ebering_dispersal_statue_hall
D:12:     layout_rooms, gammafunk_ghost_arena
Lair:1:   layout_small_grid, eino_small_chamber_without_monster,
          beast_lair_carwin_10, grunt_megastairs_1, lemuel_fruit_fields,
          uniq_fannar, uniq_urug
Lair:2:   layout_cave_pods, dreamdust_wasp_nest, grunt_megastairs_4,
          lemuel_fruit_fields, infiniplex_staircase_pool
Lair:3:   layout_roguey, alex1729_swamp_entry_worm_eleionoma,
          guppyfry_snake_entry_island, grunt_megastairs_2,
          infiniplex_staircase_pool_2, uniq_nessos
Lair:4:   layout_small_grid, slime_entry_1, chequers_serial_rivers_room_b
Lair:5:   evil_forest, layout_gridlike
Snake:1:  kennysheep_snake, layout_grid_shapes
Snake:2:  layout_chambers

Skill      XL: |  1  2  3  4  5  6  7  8  9 10 11 12 13 14 15 |
---------------+----------------------------------------------+-----
Fighting       | 4 5 6 7 9 10 12 14 16 17 18 | 18.3
Maces & Flails | 4 5 6 7 9 11 12 13 14 | 14.0
Armour         | 3 4 5 6 8 10 12 13 15 16 | 16.4
Stealth        | 1 |  1.0
Shields        | 1 2 3 4 5 7 9 11 13 14 15 16 | 16.0
Evocations     | 3 5 |  5.8
Dodging        | |  2.1

Action                     |  1- 3 |  4- 6 |  7- 9 | 10-12 | 13-15 || total
---------------------------+-------+-------+-------+-------+-------++-------
  Melee: Mace              |    50 |       |       |       |       ||    50
         Headbutt          |    13 |     8 |    44 |   145 |   250 ||   460
         Whip              |    17 |    62 |   227 |   600 |   987 ||  1893
 Invoke: Berserk           |       |     2 |     1 |     2 |     5 ||    10
         Trog's Hand       |       |       |       |       |     1 ||     1
    Use: Scroll            |       |       |       |     9 |    12 ||    21
         Potion            |       |       |       |       |     2 ||     2
   Stab: Sleeping          |     1 |       |       |       |       ||     1
 Armour: Animal skin       |    37 |       |       |       |       ||    37
         Plate armour      |       |    42 |   108 |   301 |   714 ||  1165
  Dodge: Dodged            |    41 |    12 |    39 |   102 |   210 ||   404
  Block: Kite shield       |     3 |    26 |    93 |   262 |   544 ||   928

Table legend: (Time is in decaauts)
 A = Elapsed time spent in this place.
 B = Non-inter-level travel time spent in this place.
 C = Inter-level travel time spent in this place.
 D = Time resting spent in this place.
 E = Time spent auto-exploring this place.
 F = Levels seen in this place.
 G = Mean time per level.
                   A        B        C        D        E       F      G
               +--------+--------+--------+--------+--------+-----+--------+
         Total |  16804 |  15598 |   1206 |    971 |  11307 |  20 |  840.2 |
       Dungeon |   9494 |   8768 |    726 |    100 |   7134 |  12 |  791.2 |
          Lair |   5243 |   4782 |    461 |    404 |   3302 |   5 | 1048.6 |
     Snake Pit |   1620 |   1602 |     18 |    467 |    604 |   2 |  810.0 |
        Bailey |    446 |    446 |      0 |      0 |    267 |   1 |  446.0 |
               +--------+--------+--------+--------+--------+-----+--------+

Top non-repeatable levels by time:
 Snake:1: 1599 daAuts
     D:5: 1396 daAuts
  Lair:2: 1223 daAuts
  Lair:3: 1145 daAuts
  Lair:5: 1143 daAuts
     D:3: 1001 daAuts
     D:7: 949 daAuts
  Lair:4: 944 daAuts
     D:4: 937 daAuts
     D:1: 894 daAuts
    D:11: 819 daAuts
  Lair:1: 785 daAuts
    D:10: 772 daAuts
     D:2: 736 daAuts
     D:6: 535 daAuts
